 Dungeon Crawl Stone Soup version 0.19-a0-36-g4a0968a (webtiles) character file.

215 Kenran the Cudgeler (level 5, 0/54 HPs)
             Began as an Ogre Fighter on May 4, 2016.
             Slain by Grinder (9 damage)
             ... on level 3 of the Dungeon.
             The game lasted 00:05:42 (3152 turns).

Kenran the Cudgeler (Ogre Fighter)                  Turns: 3152, Time: 00:05:42

Health: 0/54       AC:  3    Str: 21    XL:     5   Next: 92%
Magic:  5/5        EV:  8    Int:  7    God:
Gold:   150        SH:  8    Dex: 10    Spells: 0 memorised, 4 levels left

rFire  . . .     SeeInvis .     a - +0 flail
rCold  . . .     Gourm    .     b - +0 robe
rNeg   . . .     Faith    .     c - +0 shield
rPois  .         Spirit   .     (helmet restricted)
rElec  .         Dismiss  .     (no cloak)
rCorr  .         Reflect  .     (gloves unavailable)
SustAt .         Harm     .     (boots unavailable)
MR     .....                    (no amulet)
Stlth  +.........               (no ring)
                                (no ring)

@: not resistant to hostile enchantments, very unstealthy
A: unfitting armour, tough skin 1
a: no special abilities


You were on level 3 of the Dungeon.
You were hungry.

You visited 1 branch of the dungeon, and saw 3 of its levels.

You collected 150 gold pieces.

Inventory:

Hand Weapons
 a - a +0 flail (weapon)
Armour
 b - a +0 robe (worn)
 c - a +0 shield (worn)
Jewellery
 m - an uncursed ring of resist corrosion {unknown}
 s - an uncursed ring of stealth {unknown}
Scrolls
 e - a scroll of magic mapping {unknown}
 h - a scroll of enchant armour {unknown}
 l - 2 scrolls of recharging {unknown}
 n - a scroll of fog {unknown}
 o - a scroll of random uselessness {unknown}
 p - 5 scrolls of remove curse {unknown}
 q - 4 scrolls of identify {unknown}
 t - a scroll of noise {unknown}
Potions
 d - 2 potions of might
 g - a potion of agility {unknown}
 j - 2 potions of curing {unknown}
 k - a potion of mutation {unknown}
 u - 3 potions of cancellation {unknown}
Comestibles
 f - 2 bread rations
 i - 4 meat rations
 r - a royal jelly


   Skills:
 - Level 4.0 Fighting
 + Level 7.9 Maces & Flails
 - Level 2.6 Dodging
 - Level 2.6 Shields


You had 4 spell levels left.
You didn't know any spells.

Dungeon Overview and Level Annotations

Branches:
Dungeon (3/15)

Altars:
Ashenzari

Annotations:
D:3 Grinder


Innate Abilities, Weirdness & Mutations

You are too large for most types of armour.
You have tough skin (AC +1).


Message History

You closely miss the orc. The orc hits you with a dagger.
You sock the orc!
You kill the orc!
You barely miss Grinder. Grinder hits you.
Your shield prevents you from hitting Grinder.
Grinder blinks!
Grinder hits you!
You writhe in agony.
You hit Grinder but do no damage. Grinder hits you.
You writhe in agony.
You closely miss Grinder. Grinder barely misses you.
You hit Grinder.
Grinder is lightly wounded.
You block Grinder's attack.
Grinder says, "You look like you could use a good racking."
Grinder gestures at you. Pain shoots through your body!
* * * LOW HITPOINT WARNING * * *
You thump Grinder!
Grinder is moderately wounded.
Grinder hits you!
You die...

#.........# #.
#.#######.#### #. #.#
#......... #ยง #.#
#.###.#### #. #.# #.#
#.# #. #.# #.# #.# #.
#.# #.# #.#
#.##.########.###.#
#.#
#......).@5.......#
#.#
.....################
#.# ... #.# o
########.####
..........)..
######.##### #.# #
#.# # #.# #


You could see Grinder.

Vanquished Creatures
  Jessica (D:2)
  Ijyb (D:3)
  A worker ant (D:3)
  5 adders
  An ooze (D:2)
  A worm (D:2)
  2 dart slugs
  4 giant geckos
  4 orcs (D:3)
  A giant cockroach (D:1)
  13 goblins
  15 hobgoblins
  3 jackals (D:3)
  3 quokkas (D:2)
  4 bats
  A giant newt (D:2)
  7 kobolds
  5 rats
72 creatures vanquished.

Notes
Turn   | Place    | Note
--------------------------------------------------------------
     0 | D:1      | Kenran the Ogre Fighter began the quest for the Orb.
     0 | D:1      | Reached XP level 1. HP: 24/24 MP: 1/1
    15 | D:1      | Reached skill level 3 in Maces & Flails
   244 | D:1      | Reached XP level 2. HP: 30/32 MP: 2/2
   340 | D:1      | Reached skill level 4 in Maces & Flails
   712 | D:1      | Reached XP level 3. HP: 39/39 MP: 3/3
  1134 | D:2      | Noticed Jessica
  1148 | D:2      | Killed Jessica
  1148 | D:2      | Reached skill level 5 in Maces & Flails
  1151 | D:2      | Reached XP level 4. HP: 39/48 MP: 4/4
  1345 | D:2      | Reached skill level 6 in Maces & Flails
  1415 | D:2      | Found a shattered altar of Ashenzari.
  2241 | D:2      | Reached XP level 5. HP: 42/54 MP: 5/5
  2680 | D:3      | Reached skill level 7 in Maces & Flails
  2802 | D:3      | Noticed Ijyb
  2815 | D:3      | Killed Ijyb
  3131 | D:3      | Noticed Grinder
  3152 | D:3      | Slain by Grinder

Vault maps used:
D:1:      erik_arrival_blinker_ship, st_stairs_11, grunt_decor_cap
D:2:      lemuel_coloured_pillars_altar, first_bread, uniq_jessica
D:3:      good_gods_temple_1, xom_butterflies, lemuel_doored_altar,
          minmay_misc_feat_ornament, kennysheep_generic_room_3, uniq_grinder,
          uniq_iyjb

Skill      XL: |  1  2  3  4  5 |
---------------+----------------+-----
Maces & Flails | 3 4 5 6 7 |  7.9
Fighting       | |  4.0
Dodging        | |  2.6
Shields        | |  2.6

Action                   |  1- 3 |  4- 6 || total
-------------------------+-------+-------++-------
Melee: Flail             |    85 |   158 ||   243
 Stab: Sleeping          |       |     1 ||     1
  Eat: Chunk             |       |     5 ||     5
       Pizza             |       |     1 ||     1
Armor: Robe              |    19 |    24 ||    43
Dodge: Dodged            |    27 |    46 ||    73
Block: Shield            |    36 |    60 ||    96
